 Dungeon Crawl Stone Soup version 0.20.0-1-g1cb1d84 (webtiles) character file.

145970 inmateoo the Severer (level 16, -8/168 HPs)
             Began as a Minotaur Berserker on May 26, 2017.
             Was the Champion of Trog.
             Killed from afar by a deep elf annihilator (60 damage)
             ... with a crystal spear
             ... on level 3 of the Elven Halls on May 27, 2017.
             The game lasted 00:38:02 (21913 turns).

inmateoo the Severer (Minotaur Berserker)          Turns: 21913, Time: 00:38:03

Health: -8/168     AC: 28    Str: 28    XL:     16   Next: 88%
Magic:  7/7        EV: 11    Int:  5    God:    Trog [******]
Gold:   1284       SH:  0    Dex:  9    Spells: 15/15 levels left

rFire    + . .     SeeInvis .   Z - +6 battleaxe (antimagic)
rCold    . . .     Gourm    .   (shield currently unavailable)
rNeg     . . .     Faith    .   R - +2 crystal plate armour
rPois    +         Spirit   .   (helmet unavailable)
rElec    +         Reflect  .   u - +0 cloak
rCorr    .         Harm     .   i - +0 pair of gloves
MR       ++++.     Clarity  +   (no boots)
Stlth    ..........             C - amulet of regeneration
Regen    1.8/turn               D - ring "Xotetz" {rElec rPois Str+2 Dex-5}
MPRegen  0.1/turn               K - +2 ring of dexterity (curse)

@: corroded, regenerating
A: retaliatory headbutt, horns 3, molten scales 1, rugged brown scales 1, blurry
vision 1, clarity, clumsy 1, fire resistance 1, high mp 1, magic resistance 1,
robust 1, strong 1, evolution 1
a: Berserk, Trog's Hand, Brothers in Arms, Burn Spellbooks, Renounce Religion


You were on level 3 of the Elven Halls.
You worshipped Trog.
Trog was exalted by your worship.
You were not hungry.

You visited 4 branches of the dungeon, and saw 26 of its levels.
You also visited: Labyrinth and Trove.

You collected 2151 gold pieces.
You spent 867 gold pieces at shops.

Inventory:

Hand Weapons
 g - a +4 executioner's axe of electrocution
 L - a +0 great sword of flaming
 Z - a +6 antimagic battleaxe (weapon)
Armour
 i - a +0 pair of gloves (worn)
 u - a +0 cloak (worn)
 R - a +2 crystal plate armour (worn)
Jewellery
 k - an uncursed ring of protection from cold
 q - the ring "Mukhanet" {+Inv rF+ rC- rN+ Int+4}
   (You found it in a labyrinth)

   [ring of positive energy]

   It affects your intelligence (+4).
   It protects you from fire.
   It makes you vulnerable to cold.
   It protects you from negative energy.
   It lets you turn invisible.
 y - an uncursed amulet of faith {unknown}
 C - an amulet of regeneration (around neck)
 D - the ring "Xotetz" (left hand) {rElec rPois Str+2 Dex-5}
   (You found it in a labyrinth)

   [ring of strength]

   It affects your strength (+2).
   It affects your dexterity (-5).
   It insulates you from electricity.
   It protects you from poison.
 I - a +5 amulet of reflection {unknown}
 K - a cursed +2 ring of dexterity (right hand)
Wands
 x - a wand of confusion (34/48)
 N - a wand of digging (8/24)
Scrolls
 a - 2 scrolls of enchant weapon {unknown}
 d - 10 scrolls of teleportation {unknown}
 e - 5 scrolls of magic mapping {unknown}
 f - 2 scrolls of noise {unknown}
 h - 3 scrolls of immolation {unknown}
 j - 3 scrolls of fog {unknown}
 l - 5 scrolls of enchant armour {unknown}
 o - 6 scrolls of remove curse {unknown}
 p - 13 scrolls of identify {unknown}
 z - 4 scrolls of amnesia {unknown}
 E - 3 scrolls of acquirement {unknown}
 F - a scroll of summoning {unknown}
 J - a scroll of random uselessness {unknown}
 M - 2 scrolls of recharging {unknown}
 Q - 4 scrolls of silence {unknown}
 S - a scroll of blinking {unknown}
 V - a scroll of fear {unknown}
 W - a scroll of torment {unknown}
 X - 2 scrolls of vulnerability {unknown}
Potions
 b - 5 potions of cancellation {unknown}
 m - 8 potions of might
 t - 3 potions of berserk rage {unknown}
 v - 2 potions of haste {unknown}
 w - 6 potions of curing
 A - 4 potions of agility
 B - 4 potions of brilliance {unknown}
 G - a potion of invisibility {unknown}
 H - 6 potions of lignification {unknown}
 O - 4 potions of heal wounds
 P - a potion of magic {unknown}
 T - a potion of resistance
 U - 3 potions of mutation {unknown}
 Y - 3 potions of flight
Miscellaneous
 n - 2 boxes of beasts
Comestibles
 c - 14 bread rations
 r - 15 meat rations
 s - 6 royal jellies


   Skills:
 + Level 15.6 Fighting
 * Level 20.8 Axes
 + Level 15.4 Armour
 + Level 14.3 Dodging
 + Level 8.7 Evocations


You had 15 spell levels left.
You didn't know any spells.

Dungeon Overview and Level Annotations

Branches:
Dungeon (15/15)            Temple (0/1) D:6            Lair (6/6) D:8
  Swamp (0/4) Lair:3       Spider (0/4) Lair:3        Slime (0/5) Lair:6
    Orc (2/2) D:11            Elf (3/3) Orc:2        Vaults (0/5) D:13
 Depths (0/5) D:15

Altars:
Dithmenos
Elyvilon
Fedhas
Hepliaklqana
Kikubaaqudgha
Okawaru
Trog
Vehumet
Yredelemnul
Zin
Jiyva

Shops:
D:4 :(([   Orc:2 (!}%   Elf:1 }=}

Portals:
Pandemonium: Orc:2

Annotations:
D:7 4 runed doors
D:8 exclusion: 2 oklob plants
Lair:6 exclusion: oklob plant
Elf:2 3 runed doors


Innate Abilities, Weirdness & Mutations

You reflexively headbutt those who attack you in melee.
You have a pair of large horns on your head.
You are partially covered in molten scales. (AC +2)
You are partially covered in rugged brown scales. (AC +1, +3% HP)
Scrolls take you a little longer to read.
You possess an exceptional clarity of mind.
You are clumsy. (Dex -2)
Your flesh is heat resistant. (rF+)
You have an increased reservoir of magic. (+10% MP)
You are resistant to hostile enchantments. (MR+)
You are robust. (+10% HP)
Your muscles are strong. (Str +2)
You evolve.


Message History

Unknown command.
Unknown command.
You miss the deep elf annihilator. You headbutt the deep elf annihilator!
The deep elf annihilator is heavily wounded.
You hit the deep elf high priest but do no damage.
The deep elf annihilator hits you with a long sword.
The deep elf high priest utters a dark prayer and points at you.
Your life force is offered up.
* * * LOW HITPOINT WARNING * * *
The deep elf annihilator is healed. x2; The deep elf sorcerer is healed.
Unknown command.
You closely miss the deep elf annihilator.
You headbutt the deep elf annihilator!!
The deep elf annihilator is heavily wounded.
You closely miss the deep elf high priest.
The deep elf annihilator gestures wildly while chanting.
The deep elf annihilator blinks!
The deep elf annihilator casts a spell at you.
The crystal spear hits you!
You die...

#...#..........#...#..
#...#..........#...#..
#..e#..........#...#..
#..ยง############...#..
#..................'..
#..................#..
#..x)e.............#..
##eeee.#########...###
#.e#@(# #...... #ee####
#...... #e. #......


#ee #...### #ee #...#.. .e. #...#.. .e. #...#.. #...#.. #...#.. You could see 2
deep elf annihilators, a deep elf death mage, 2 deep elf sorcerers, a deep elf
high priest and a crawling corpse.

Vanquished Creatures
  Rupert (D:13)
  A fire giant (D:12)
  2 deep elf sorcerers
  2 deep elf elementalists (Elf:3)
  3 deep elf demonologists
  3 deep elf annihilators (Elf:3)
  A deep elf death mage (Elf:2)
  Snorg (D:12)
  A minotaur (Lab)
  2 fire dragons
  Josephine (Lair:4)
  7 hydras
  Fannar (D:12)
  2 ice dragons
  A centaur warrior (D:12)
  A catoblepas (Lair:4)
  11 dancing weapons
  7 two-headed ogres
  Urug (D:10)
  4 orc high priests (Orc:2)
  2 tengu warriors (D:15)
  A soul eater (Orc:2)
  11 deep elf knights
  3 unseen horrors
  A gelid demonspawn (Orc:2)
  2 wizards (Elf:1)
  An infernal demonspawn (Orc:2)
  16 deep elf archers
  5 orc knights
  A necromancer (D:13)
  A lindwurm (Lair:6)
  9 orc sorcerers
  A wolf spider zombie (D:14)
  46 deep elf magi
  29 ugly things
  5 cyclopes
  4 elephants (Lair:6)
  A manticore (D:12)
  6 black mambas
  A rust devil (Orc:2)
  3 molten gargoyles (Lair:6)
  An orange demon (Orc:2)
  2 gargoyles
  A kobold demonologist (D:15)
  6 komodo dragons
  8 spiny frogs
  A komodo dragon (shapeshifter) (D:14)
  3 rime drakes
  A freezing wraith (D:15)
  2 efreet
  A queen bee (D:8)
  A red devil (Orc:2)
  A tyrant leech (Lair:3)
  3 meliai (D:15)
  9 trolls
  5 dream sheep (Lair:4)
  10 blink frogs
  9 hippogriffs
  Sigmund (D:4)
  A shadow (D:11)
  2 redbacks (Lair:3)
  A wyvern (Lair:6)
  4 water elementals
  A ynoxinul (Orc:2)
  4 wraiths (Lair:4)
  An air elemental (Elf:2)
  48 yaks
  A vampire (D:14)
  2 hungry ghosts
  2 fire elementals
  7 basilisks
  A chaos spawn (Orc:2)
  A neqoxec (Orc:2)
  5 vampire mosquitoes
  A steam dragon (Lair:4)
  4 wargs
  2 soldier ants
  8 water moccasins
  4 hell hounds (Lair:6)
  An acid dragon (D:12)
  7 porcupines
  3 ice beasts
  2 phantoms
  33 orc warriors
  4 sky beasts
  A necrophage (D:10)
  3 black bears
  An eye of draining (shapeshifter) (D:12)
  5 centaurs
  A boggart (Elf:1)
  6 crocodiles
  16 wolves
  6 ogres
  Blork the orc (D:5)
  A big kobold (D:8)
  A gnoll sergeant (D:13)
  3 earth elementals
  15 bullfrogs
  2 wyvern skeletons
  5 scorpions
  16 wights
  27 killer bees
  5 electric eels
  5 howler monkeys
  10 crimson imps
  5 lava snakes (Lair:6)
  2 quasits
  8 hounds
  4 centaur skeletons
  23 orc priests
  2 jellies
  A gnoll shaman (D:6)
  2 iguanas
  20 orc wizards
  13 worker ants
  A hound zombie (D:5)
  A howler monkey zombie (D:11)
  6 gnolls
  4 adders
  A river rat (D:4)
  3 shadow imps
  An ooze (D:3)
  2 adder zombies
  An adder skeleton (D:8)
  A dart slug (D:3)
  4 worms
  A leopard gecko (D:3)
  81 orcs
  2 ball pythons
  3 giant cockroaches
  A goblin (D:3)
  4 hobgoblins (D:3)
  3 jackals (D:5)
  8 quokkas
  A bat (D:3)
  3 frilled lizards
  4 kobolds (D:8)
  A leopard gecko skeleton (D:6)
  2 quokka skeletons
  A quokka zombie (D:6)
  4 rats
  A crawling corpse (Elf:3)
  5 fungi
  3 plants
780 creatures vanquished.

Vanquished Creatures (others)
  5 fungi (Lair:6)
  6 plants
11 creatures vanquished.

Grand Total: 791 creatures vanquished

Notes
Turn   | Place    | Note
-------+----------+-------------------------------------------
     0 | D:1      | inmateoo the Minotaur Berserker began the quest for the Orb.
     0 | D:1      | Reached XP level 1. HP: 19/19 MP: 0/0
   111 | D:3      | Reached skill level 4 in Axes
   111 | D:3      | Reached XP level 2. HP: 27/27 MP: 1/1
   556 | D:3      | Found a white marble altar of Elyvilon.
   589 | D:3      | Reached XP level 3. HP: 32/33 MP: 2/2
   957 | D:4      | Noticed Sigmund
   962 | D:4      | Killed Sigmund
   962 | D:4      | Reached ** piety under Trog
   962 | D:4      | Reached skill level 5 in Axes
   962 | D:4      | Reached XP level 4. HP: 41/41 MP: 3/3
   962 | D:4      | Reached XP level 5. HP: 47/47 MP: 4/4
  1037 | D:4      | Noticed a black bear
  1073 | D:4      | Killed a black bear
  1073 | D:4      | Reached skill level 6 in Axes
  1073 | D:4      | Reached XP level 6. HP: 55/55 MP: 5/5
  1124 | D:4      | Found Juaphac's Book Boutique.
  1139 | D:4      | Found a bloodstained altar of Trog.
  1232 | D:4      | Reached skill level 5 in Fighting
  1244 | D:4      | Found Covun's Antique Weapon Shoppe.
  1261 | D:4      | Found Zoinu's Antique Weapon Boutique.
  1279 | D:4      | Found Hoebb's Armour Shop.
  1832 | D:5      | Entered Level 5 of the Dungeon
  1932 | D:5      | Noticed Blork the orc
  1944 | D:5      | Killed Blork the orc
  1944 | D:5      | Reached skill level 7 in Axes
  1944 | D:5      | Reached XP level 7. HP: 61/61 MP: 6/6
  2014 | D:5      | Reached *** piety under Trog
  2047 | D:5      | Found a radiant altar of Vehumet.
  2211 | D:5      | Reached skill level 5 in Armour
  2311 | D:5      | Reached skill level 8 in Axes
  2425 | D:5      | Reached XP level 8. HP: 57/70 MP: 7/7
  2526 | D:6      | Reached skill level 5 in Dodging
  2889 | D:6      | Found an iron altar of Okawaru.
  3129 | D:6      | Found a staircase to the Ecumenical Temple.
  3146 | D:6      | Noticed a troll
  3156 | D:6      | Killed a troll
  3156 | D:6      | Reached skill level 9 in Axes
  3499 | D:7      | Reached **** piety under Trog
  3591 | D:7      | Found a huge runed gate.
  3591 | D:7      | Found a huge runed gate.
  3591 | D:7      | Found a huge runed gate.
  3591 | D:7      | Found a huge runed gate.
  3591 | D:7      | Noticed a polar bear
  3591 | D:7      | Noticed a polar bear
  3591 | D:7      | Noticed a polar bear
  3591 | D:7      | Noticed a manticore
  3591 | D:7      | Noticed a polar bear
  3591 | D:7      | Noticed a polar bear
  3591 | D:7      | Noticed a polar bear
  3592 | D:7      | Noticed a polar bear
  3593 | D:7      | Noticed a polar bear
  3654 | D:7      | Found a basalt altar of Yredelemnul.
  3689 | D:7      | Reached XP level 9. HP: 72/79 MP: 8/8
  4098 | D:8      | Noticed a queen bee
  4121 | D:7      | Reached skill level 10 in Axes
  4234 | D:8      | Found a blossoming altar of Fedhas.
  4238 | D:8      | Noticed an oklob plant
  4238 | D:8      | Noticed an oklob plant
  4362 | D:8      | Identified the Tome of Flying Intoxication
  4435 | D:8      | Noticed a two-headed ogre
  4441 | D:8      | Killed a two-headed ogre
  4636 | D:8      | Found a staircase to the Lair.
  4658 | D:8      | Reached skill level 11 in Axes
  4676 | D:8      | Killed a queen bee
  4732 | D:8      | Reached XP level 10. HP: 90/90 MP: 9/9
  4929 | D:8      | Reached ***** piety under Trog
  5171 | D:8      | Found a glowing silver altar of Zin.
  5171 | D:8      | Found a blossoming altar of Fedhas.
  5414 | D:9      | Found an ancient bone altar of Kikubaaqudgha.
  5414 | D:9      | Found a hazy altar of Hepliaklqana.
  5426 | D:9      | Noticed a two-headed ogre
  5434 | D:9      | Killed a two-headed ogre
  5434 | D:9      | Reached skill level 12 in Axes
  5539 | D:9      | Noticed a two-headed ogre
  5543 | D:9      | Killed a two-headed ogre
  5817 | D:9      | Found a shadowy altar of Dithmenos.
  5857 | D:9      | Found a basalt altar of Yredelemnul.
  6021 | D:10     | Entered Level 10 of the Dungeon
  6055 | D:10     | Noticed a purple ugly thing
  6062 | D:10     | Killed a purple ugly thing
  6079 | D:10     | Gained mutation: You are dopey. (Int -2) [mutagenic meat]
  6138 | D:10     | Reached XP level 11. HP: 30/99 MP: 10/10
  6467 | D:10     | Noticed Urug
  6478 | D:10     | Killed Urug
  6478 | D:10     | Reached skill level 10 in Fighting
  6478 | D:10     | Reached skill level 13 in Axes
  6973 | D:11     | Received a gift from Trog
  6994 | D:11     | Noticed a two-headed ogre
  7001 | D:11     | Killed a two-headed ogre
  7001 | D:11     | Reached skill level 10 in Armour
  7055 | D:11     | Found a staircase to the Orcish Mines.
  7225 | D:11     | Gained mutation: You are clumsy. (Dex -2) [mutagenic meat]
  7226 | D:11     | Gained mutation: Your magical capacity is low. (-10% MP) [mutagenic meat]
  7227 | D:11     | Gained mutation: You are partially covered in rugged brown scales. (AC +1, +3% HP) [mutagenic meat]
  7532 | D:12     | Noticed a centaur warrior
  7532 | D:12     | Noticed Fannar
  7564 | D:12     | Killed a centaur warrior
  7577 | D:12     | Killed Fannar
  7577 | D:12     | Reached skill level 14 in Axes
  7640 | D:12     | Noticed a fire giant
  7659 | D:12     | Killed a fire giant
  7727 | D:12     | Noticed a four-headed hydra
  7736 | D:12     | Killed an eight-headed hydra
  7736 | D:12     | Reached skill level 10 in Dodging
  7736 | D:12     | Reached XP level 12. HP: 96/113 MP: 9/9
  7911 | D:12     | Noticed Snorg
  7973 | D:12     | Killed Snorg
  7976 | D:12     | Paralysed by an orc sorcerer for 4 turns
  8147 | D:12     | Reached skill level 15 in Axes
  8159 | D:12     | Gained mutation: You are resistant to hostile enchantments. (MR+) [mutagenic meat]
  8160 | D:12     | Lost mutation: You are dopey. (Int -2) [mutagenic meat]
  8169 | D:12     | Gained mutation: You are partially covered in molten scales. (AC +2) [mutagenic meat]
  8242 | D:12     | Noticed a seven-headed hydra
  8247 | D:12     | Killed a four-headed hydra
  8443 | D:12     | Noticed a two-headed ogre
  8451 | D:12     | Killed a two-headed ogre
  8530 | D:12     | Received a gift from Trog
  8683 | D:12     | Noticed a two-headed ogre
  8691 | D:12     | Killed a two-headed ogre
  8802 | D:12     | Found a portal to a secret trove of treasure.
  8906 | D:13     | Noticed Rupert
  8923 | D:13     | Killed Rupert
  8923 | D:13     | Reached skill level 16 in Axes
  8923 | D:13     | Reached skill level 1 in Evocations
  8937 | D:13     | Reached XP level 13. HP: 114/121 MP: 3/11
  9071 | D:13     | Found a labyrinth entrance.
  9090 | Lab      | Entered a labyrinth
  9280 | Lab      | Noticed a minotaur
  9283 | Lab      | Killed a minotaur
  9317 | Lab      | Got a slimy jade ring
  9326 | Lab      | Got a bound jade ring
  9331 | D:13     | Identified the ring "Mukhanet" {+Inv rF+ rC- rN+ Int+4} (You found it in a labyrinth)
  9333 | D:13     | Identified the ring "Xotetz" {rElec rPois Str+2 Dex-5} (You found it in a labyrinth)
  9522 | D:13     | Reached ****** piety under Trog
  9663 | D:13     | Found a gate to the Vaults.
  9825 | Trove    | Entered a treasure trove
 10599 | D:13     | Lost mutation: Your magical capacity is low. (-10% MP) [mutagenic meat]
 10647 | D:14     | Reached skill level 17 in Axes
 10656 | D:14     | Gained mutation: You occasionally shout uncontrollably at your foes. [mutagenic meat]
 10658 | D:14     | Lost mutation: You are resistant to hostile enchantments. (MR+) [mutagenic meat]
 10671 | D:14     | Gained mutation: You are robust. (+10% HP) [mutagenic meat]
 10672 | D:14     | Gained mutation: Armour fits poorly on your strangely shaped body. [mutagenic meat]
 10673 | D:14     | Lost mutation: You are robust. (+10% HP) [mutagenic meat]
 10674 | D:14     | Gained mutation: You are dopey. (Int -2) [mutagenic meat]
 10968 | D:14     | Reached * piety under Trog
 11232 | D:14     | Lost mutation: You occasionally shout uncontrollably at your foes. [mutagenic meat]
 11233 | D:14     | Gained mutation: Your muscles are strong. (Str +2) [mutagenic meat]
 11234 | D:14     | Gained mutation: You are robust. (+10% HP) [mutagenic meat]
 11235 | D:14     | Lost mutation: Armour fits poorly on your strangely shaped body. [mutagenic meat]
 11236 | D:14     | Gained mutation: You have sharp toenails. [mutagenic meat]
 11237 | D:14     | Gained mutation: You possess an exceptional clarity of mind. [mutagenic meat]
 11238 | D:14     | Gained mutation: You are very dopey. (Int -4) [mutagenic meat]
 11242 | D:14     | Lost mutation: You have sharp toenails. [mutagenic meat]
 11243 | D:14     | Gained mutation: You are resistant to hostile enchantments. (MR+) [mutagenic meat]
 11564 | D:15     | Entered Level 15 of the Dungeon
 11668 | D:15     | Noticed a fire dragon
 11677 | D:15     | Reached XP level 14. HP: 145/145 MP: 5/16
 11707 | D:15     | Found a staircase to the Depths.
 12136 | D:15     | Reached skill level 5 in Evocations
 12157 | D:15     | Lost mutation: You are very dopey. (Int -4) [mutagenic meat]
 12160 | D:15     | Gained mutation: You evolve. [mutagenic meat]
 12161 | D:15     | Lost mutation: You are dopey. (Int -2) [mutagenic meat]
 12162 | D:15     | Gained mutation: You have a pair of large horns on your head. [mutagenic meat]
 12163 | D:15     | Gained mutation: Scrolls take you a little longer to read. [mutagenic meat]
 12564 | Lair:1   | Entered Level 1 of the Lair of Beasts
 13279 | Lair:2   | Reached skill level 18 in Axes
 14797 | Lair:3   | Found a hole to the Spider Nest.
 14986 | Lair:3   | Found a staircase to the Swamp.
 15507 | Lair:4   | Noticed Josephine
 15518 | Lair:4   | Killed Josephine
 16077 | Lair:5   | Gained mutation: You have an increased reservoir of magic. (+10% MP) [evolution]
 16516 | Lair:6   | Entered Level 6 of the Lair of Beasts
 16670 | Lair:6   | Reached XP level 15. HP: 154/154 MP: 6/20
 16969 | Lair:6   | Found a large runed door.
 16969 | Lair:6   | Found a large runed door.
 17118 | Lair:6   | Found a staircase to the Slime Pits.
 17118 | Lair:6   | Found a viscous altar of Jiyva.
 17765 | Orc:1    | Entered Level 1 of the Orcish Mines
 17771 | Orc:1    | Reached skill level 19 in Axes
 17825 | Orc:1    | Received a gift from Trog
 17838 | Orc:1    | Got a pitted battleaxe {god gift}
 17841 | Orc:1    | Identified the +1 battleaxe of Zod Roicw {chop, MR+} (Trog gifted it to you on level 1 of the Orcish Mines)
 18002 | Orc:2    | Entered Level 2 of the Orcish Mines
 18314 | Orc:2    | Found a staircase to the Elven Halls.
 18418 | Orc:2    | Found Femaokk's Distillery.
 18419 | Orc:2    | Found Xooq's Food Emporium.
 18565 | Orc:2    | Bought a potion of curing for 48 gold pieces
 18565 | Orc:2    | Bought a potion of agility for 64 gold pieces
 18565 | Orc:2    | Bought a potion of might for 64 gold pieces
 18565 | Orc:2    | Bought 2 potions of heal wounds for 160 gold pieces
 18565 | Orc:2    | Bought a potion of resistance for 160 gold pieces
 18565 | Orc:2    | Bought a potion of might for 64 gold pieces
 18565 | Orc:2    | Bought 2 potions of flight for 96 gold pieces
 18565 | Orc:2    | Bought a potion of degeneration for 16 gold pieces
 18718 | Orc:2    | Received a gift from Trog
 18882 | Orc:2    | Paralysed by an orc sorcerer for 5 turns
 19455 | Orc:2    | Found Waewonoq's Gadget Boutique.
 19455 | Orc:2    | Found Tinn's Antique Weapon Shop.
 19458 | Orc:2    | Found a one-way gate leading to the halls of Pandemonium.
 19521 | Elf:1    | Entered Level 1 of the Elven Halls
 19940 | Elf:1    | Reached XP level 16. HP: 166/166 MP: 7/22
 20007 | Elf:1    | Reached skill level 20 in Axes
 20099 | Elf:1    | Found Dulib's Gadget Shop.
 20100 | Elf:1    | Found Miafol's Jewellery Shoppe.
 20101 | Elf:1    | Found Puhusass's Gadget Shop.
 20109 | Elf:1    | Bought an uncursed ring of see invisible for 195 gold pieces
 20201 | Elf:1    | Reached skill level 15 in Fighting
 20250 | Elf:1    | Gained mutation: Your flesh is heat resistant. (rF+) [evolution]
 20498 | Elf:2    | Received a gift from Trog
 20589 | Elf:2    | Found a runed gate.
 20589 | Elf:2    | Found a runed gate.
 20589 | Elf:2    | Found a runed gate.
 20736 | Elf:2    | Noticed a Hell Sentinel
 20765 | Elf:2    | Reached skill level 15 in Armour
 21062 | Elf:3    | Entered Level 3 of the Elven Halls
 21267 | Elf:3    | Found an ancient bone altar of Kikubaaqudgha.
 21441 | Elf:3    | Received a gift from Trog
 21913 | Elf:3    | Killed from afar by a deep elf annihilator

Skill      XL: |  1  2  3  4  5  6  7  8  9 10 11 12 13 14 15 16 |
---------------+-------------------------------------------------+-----
Axes           | 4 5 6 7 8 9 11 12 14 16 17 18 19 20 | 20.8
Fighting       | 4 5 6 7 8 9 11 12 13 14 15 | 15.6
Armour         | 3 4 5 6 8 9 10 11 12 13 14 15 | 15.4
Dodging        | 3 4 6 7 8 10 11 12 13 14 | 14.3
Evocations     | 1 4 6 7 8 |  8.7

Action                   |  1- 3 |  4- 6 |  7- 9 | 10-12 | 13-15 | 16-18 || total
-------------------------+-------+-------+-------+-------+-------+-------++-------
Melee: Hand axe          |    44 |   115 |       |       |       |       ||   159
       Headbutt          |     8 |    15 |    43 |   117 |   244 |    51 ||   478
       War axe           |       |       |   159 |       |       |       ||   159
       Broad axe         |       |       |    61 |   161 |       |       ||   222
       Battleaxe         |       |       |       |   306 |  1209 |   296 ||  1811
       Great sword       |       |       |       |     4 |     3 |       ||     7
       Executioner's axe |       |       |       |     2 |       |       ||     2
Invok: Berserk           |     2 |     3 |     6 |     9 |     7 |       ||    27
       Burn Spellbooks   |     1 |       |     1 |     1 |     3 |       ||     6
       Trog's Hand       |       |     1 |       |       |     2 |     4 ||     7
 Stab: Petrifying        |       |       |       |       |     3 |       ||     3
       Petrified         |       |       |       |       |     1 |       ||     1
       Distracted        |       |       |       |       |       |     1 ||     1
  Eat: Chunk             |     1 |     5 |    15 |    33 |    56 |     3 ||   113
       Royal jelly       |       |     1 |       |       |     6 |     3 ||    10
       Fruit             |       |       |       |       |    10 |     2 ||    12
Armor: Animal skin       |     3 |       |       |       |       |       ||     3
       Chain mail        |    17 |    58 |   137 |   194 |       |       ||   406
       Crystal plate arm |       |       |       |    18 |   855 |   175 ||  1048
Dodge: Dodged            |    18 |    42 |   152 |   270 |   481 |   104 ||  1067
